 Dungeon Crawl Stone Soup version 0.28-a0-1435-g82390b3a13 (webtiles) character file.

Game seed: 15169604269878540419

74 browni3141 the Shield-Bearer (level 4, -1/35 HPs)
             Began as a Human Fighter on Jan 9, 2022.
             Killed by nerve-wracking pain
             ... invoked by Grinder
              (13 damage)
             ... on level 3 of the Dungeon.
             The game lasted 00:03:59 (1888 turns).

browni3141 the Shield-Bearer (Human Fighter)        Turns: 1888, Time: 00:04:00

Health: -1/35      AC:  7    Str: 18    XL:     4   Next: 54%
Magic:  13/13      EV:  9    Int:  8    God:
Gold:   105        SH:  5    Dex: 13    Spells: 3/3 levels left

rFire   + . .      SeeInvis .   a - +0 long sword
rCold   + . .      Faith    .   c - +0 buckler
rNeg    . . .      Spirit   .   p - +0 scale mail
rPois   .          Reflect  .   (no helmet)
rElec   .          Harm     .   n - scarf {rC+ rF+}
rCorr   .          Rampage  .   (no gloves)
Will    .....                   m - +0 pair of boots
Stlth   ..........              (no amulet)
HPRegen 0.11/turn               l - ring of magical power
MPRegen 0.13/turn               (no ring)

@: mighty
A: no striking features
a: no special abilities


You were on level 3 of the Dungeon.
You visited 1 branch of the dungeon, and saw 4 of its levels.

You collected 105 gold pieces.

Inventory:

Hand Weapons
 a - a +0 long sword (weapon)
 b - a +0 hunting sling
Missiles
 q - 46 sling bullets
Armour
 c - a +0 buckler (worn)
 m - a +0 pair of boots (worn)
 n - a scarf of resistance (worn)
 p - a +0 scale mail (worn)
 r - a +0 chain mail
Jewellery
 l - a ring of magical power (left hand)
Scrolls
 f - a scroll of torment {unknown}
 g - a scroll of magic mapping {unknown}
 i - 2 scrolls of identify {unknown}
 j - a scroll of silence {unknown}
 k - a scroll of enchant weapon {unknown}
 o - 2 scrolls of amnesia {unknown}
Potions
 e - a potion of haste {unknown}
 h - a potion of curing {unknown}


   Skills:
 - Level 3.0 Fighting
 + Level 2.9 Long Blades
 - Level 3.0 Armour
 * Level 4.4 Shields


You had 3 spell levels left.
You didn't know any spells.
Your spell library was empty.

Dungeon Overview and Level Annotations

Branches:
Dungeon (4/15)
 Temple: D:4-7

Altars:

Portals:
Sewer: D:3

Annotations:
D:3 exclusion: door, Grinder


Message History

r - a +0 chain mail You start removing your armour.
You continue taking off your +0 scale mail. x4
You finish taking off your +0 scale mail.
You start putting on your armour.
You continue putting on your +0 chain mail. x5
You hear the brisk rusting of a very distant drain.
You finish putting on your +0 chain mail.
You start removing your armour.
You continue taking off your +0 chain mail. x4
You finish taking off your +0 chain mail.
You start putting on your armour.
You continue putting on your +0 scale mail. x5
You finish putting on your +0 scale mail.
Unknown command.
Grinder comes into view.
She is carrying a wand of flame (16).
Grinder shouts!
Grinder zaps a wand.
The puff of flame misses you.
You feel very mighty all of a sudden. Grinder hits you.
You closely miss Grinder.
Grinder blinks!
Grinder says, "Tell me all your secrets, or I'll kill you."
Grinder gestures at you. Pain shoots through your body!
Grinder blinks!
Grinder gestures at you.
You suddenly lose the ability to move!
Grinder zaps a wand.
The puff of flame hits you but does no damage.
Grinder gestures at you. Pain shoots through your body!
Grinder blinks!
Grinder gestures at you. You resist with significant effort.
Grinder says, "Mostly I couldn't keep them alive."
Grinder zaps a wand.
The puff of flame hits you. You resist.
You can move again.
Grinder gestures at you. Pain shoots through your body!
You die...

### #..# ##.###..###
#### ##.........
...####.........# ....
.....##...# # ...
#...##...# .# # #.#
####..<##...##.#.##
#.###.................#
................@.....#
..###.................#
.....>..........5.....#
#.#####.....###.......#
#.# #.....# #.......#
..## #.#.### #.......#
...## #.#.# #####.###
##..###.#.# .#
.##.......#


You could see Grinder.

Vanquished Creatures
  An adder (D:4)
  An ufetubus (D:3)
  2 dart slugs
  An orc (D:4)
  4 endoplasms
  A giant cockroach (D:1)
  6 goblins
  4 hobgoblins
  4 jackals (D:1)
  2 quokkas (D:1)
  8 ball pythons
  5 bats
  4 frilled lizards
  11 rats
54 creatures vanquished.

Notes
Turn   | Place    | Note
-------+----------+-------------------------------------------
     0 | D:1      | browni3141 the Human Fighter began the quest for the Orb.
     0 | D:1      | Reached XP level 1. HP: 18/18 MP: 1/1
   155 | D:1      | Reached XP level 2. HP: 23/24 MP: 2/2
   675 | D:1      | Reached XP level 3. HP: 21/22 MP: 3/3
   937 | D:1      | Reached skill level 4 in Shields
  1277 | D:2      | You fall into a shaft and drop 2 floors!
  1572 | D:4      | Reached XP level 4. HP: 32/34 MP: 4/4
  1657 | D:3      | Found a glowing drain.
  1797 | D:3      | Found a faded altar of an unknown god.
  1875 | D:3      | Noticed Grinder
  1881 | D:3      | Paralysed by Grinder for 7 turns
  1888 | D:3      | Killed from afar by Grinder

Illustrated notes

Levels and vault maps discovered:
D:1:      dpeg_arrival_leaves_temple_mockup, layout_loops_ring,
          minmay_rat_gold_closets
D:2:      layout_rooms, basic_altar, uniq_crazy_yiuf_cottage, uniq_jessica
D:3:      layout_loops_ring, nicolae_ecumenical_pavilion, gup_sewer_entry_glass,
          uniq_grinder
D:4:      layout_rooms, zin_scriptorium, nicolae_qazlal_general_emergency,
          temple_hall_moat

Skill      XL: |  1  2  3 |
---------------+----------+-----
Shields        | 4 |  4.4
Fighting       | |  3.0
Long Blades    | |  2.9
Armour         | |  3.0

Action                   |  1- 3 |  4- 6 || total
-------------------------+-------+-------++-------
Melee: Long sword        |   104 |    37 ||   141
  Use: Potion            |       |     1 ||     1
Armor: Scale mail        |    41 |    21 ||    62
Dodge: Dodged            |    43 |    27 ||    70
Block: Buckler           |    25 |    14 ||    39

Table legend: (Time is in decaauts)
 A = Elapsed time spent in this place.
 B = Non-inter-level travel time spent in this place.
 C = Inter-level travel time spent in this place.
 D = Time resting spent in this place.
 E = Time spent auto-exploring this place.
 F = Levels seen in this place.
 G = Mean time per level.
                   A        B        C        D        E       F      G
               +--------+--------+--------+--------+--------+-----+--------+
         Total |   1931 |   1894 |     37 |    207 |   1083 |   4 |  482.8 |
       Dungeon |   1931 |   1894 |     37 |    207 |   1083 |   4 |  482.8 |
               +--------+--------+--------+--------+--------+-----+--------+

Top non-repeatable levels by time:
     D:1: 1153 daAuts
     D:4: 350 daAuts
     D:3: 276 daAuts
     D:2: 151 daAuts
